 Dungeon Crawl Stone Soup version 0.30.1-9-gdf580d7c3d (webtiles) character file.

Game seed: 1979422259381602711

21 KittyFluff the Trooper (level 2, -12/28 HPs)
             Began as a Gargoyle Berserker on Oct 25, 2023.
             Was a Follower of Trog.
             Killed from afar by Sigmund (19 damage)
             ... with a bolt of light
             ... on level 2 of the Dungeon.
             The game lasted 00:04:01 (1155 turns).

KittyFluff the Trooper (Gargoyle Berserker)         Turns: 1155, Time: 00:04:04

Health: -12/28     AC:  5    Str: 20    XL:     2   Next: 87%
Magic:  2/2        EV: 12    Int:  7    God:    Trog [*.....]
Gold:   9          SH:  0    Dex:  9    Spells: 1/1 levels left

rFire   . . .        a - +0 mace
rCold   . . .        (no shield)
rNeg    + . .        b - +0 animal skin
rPois   ∞            (no helmet)
rElec   +            (no cloak)
rCorr   .            (no gloves)
SInv    .            (no boots)
Will    .....        (no amulet) Stlth
                     (no ring)
HPRegen 0.24/turn    (no ring)
MPRegen 0.08/turn

%: no passive effects
@: berserking, very quick
A: sickness immunity, AC +2, negative energy resistance 1, electricity
resistance, torment resistance 1, petrification resistance
a: Renounce Religion, Berserk


You were on level 2 of the Dungeon.
You worshipped Trog.
Trog was aware of your devotion.
You visited 1 branch of the dungeon, and saw 2 of its levels.

You collected 9 gold pieces.

Inventory:

Hand Weapons
 a - a +0 mace (weapon)
 d - a +0 sling
Armour
 b - a +0 animal skin (worn)
Scrolls
 e - a scroll of fear {unknown}
 f - 2 scrolls of identify {unknown}
 i - a scroll of fog {unknown}
 j - a scroll of teleportation {unknown}
Potions
 c - a potion of lignification {unknown}
 g - a potion of degeneration {unknown}
 h - a potion of haste {unknown}


   Skills:
 + Level 3.5 Fighting
 * Level 3.3 Maces & Flails
 * Level 2.7 Armour
 + Level 1.8 Dodging


You had one spell level left.
You didn't know any spells.
Your spell library was empty.

Dungeon Overview and Level Annotations

Branches:
Dungeon (2/15)

Altars:

Annotations:
D:2 Sigmund


Innate Abilities, Weirdness & Mutations

You are immune to sickness and miasma.
Your stone body is resilient. (AC +2)
You are immune to poison.
You resist negative energy. (rN+)
You are resistant to electric shocks. (rElec)
You are resistant to unholy torment.
You are immune to petrification.


Message History

Found a scroll labelled WOOVEL NIRO.
Found a stone staircase leading down.
i - a scroll labelled SUTZUNG QEOREUWO
Found a stone staircase leading down.
j - a scroll labelled YCHILY JUOCLOO
f - 2 scrolls labelled WOOVEL NIRO (gained 1)
A goblin comes into view. It is wielding a +0 dagger.
Found a dagger.
You sock the goblin!
You kill the goblin!
Trog accepts your kill.
You see here a +0 dagger.
Sigmund the Dreaded comes into view.
He is wielding a +0 scythe and carrying a wand of light (3).
Sigmund shouts!
Sigmund gestures wildly while chanting.
Sigmund flickers and vanishes!
Deactivating autopickup; reactivate with Ctrl-A.
A rat comes into view.
Found a warped ring mail.
The rat twitches its whiskers.
You see here a +0 dagger.
You hear a zap.
A bolt of light appears from out of thin air!
The bolt of light hits you!
You barely miss something. Something barely misses you.
You hit something. Something hits you.
You hit something. Something hits you.
You hit something but do no damage.
You hear a zap.
A bolt of light appears from out of thin air!
The bolt of light misses you.
You sock something! You barely miss something. Something hits you.
* * * LOW HITPOINT WARNING * * *
A red film seems to cover your vision as you go berserk!
You feel yourself moving faster!
You feel mighty!
You hear a zap.
A bolt of light appears from out of thin air!
The bolt of light hits you!!
Ouch! That really hurt!
You die...

#..............
#..)...........
#..............
#.............
##.....#.....# #####)#
##### #r# #{# #@# #.#
##... ##... #.# ##...#
#.... #######.####....#
#.... ##..>..#.........#
+....
##..............[.####....
#...>.....................
#...........).............
#...............).........


You could see a rat.

Vanquished Creatures
  3 endoplasms (D:1)
  A giant cockroach (D:1)
  4 goblins
  2 hobgoblins (D:1)
  2 quokkas
  4 bats
  A frilled lizard (D:1)
  2 rats (D:1)
19 creatures vanquished.

Notes
Turn   | Place    | Note
-------+----------+-------------------------------------------
     0 | D:1      | KittyFluff the Gargoyle Berserker began the quest for the
                  | Orb.
     0 | D:1      | Reached XP level 1. HP: 14/14 MP: 1/1
   482 | D:1      | Reached XP level 2. HP: 19/19 MP: 2/2
  1137 | D:2      | Noticed Sigmund
  1155 | D:2      | Killed from afar by Sigmund

Illustrated notes

Levels and vault maps discovered:
D:1:      lemuel_arrival_rhombus, layout_basic, st_stairs_14
D:2:      layout_rooms, supply_closet_lemuel, amcnicky_mini_corridor_feature,
          serial_bayou_crossing, uniq_sigmund

Action                     || total
---------------------------++-------
  Melee: Mace              ||    47
 Invoke: Berserk           ||     1
 Armour: Animal skin       ||    17
  Dodge: Dodged            ||    28
